 Dungeon Crawl Stone Soup version 0.25.0-45-g978344163c (webtiles) character file.

Game seed: 6697787218666613048

83826 KleinerIrrer the Whirler (level 16, -10/117 HPs)
             Began as a Halfling Hunter on July 10, 2020.
             Was a Plaything of Xom.
             Mangled by a brown ugly thing (17 damage)
             ... on level 14 of the Dungeon on July 11, 2020.
             The game lasted 01:49:18 (23020 turns).

KleinerIrrer the Whirler (Halfling Hunter)         Turns: 23020, Time: 01:49:20

Health: -10/117    AC:  1    Str: 19    XL:     16   Next: 25%
Magic:  0/22       EV: 27    Int:  9    God:    Xom [......]
Gold:   1783       SH:  7    Dex: 22    Spells: 15/15 levels left

rFire    . . .     SeeInvis .   a - +3 hunting sling
rCold    . . .     Gourm    .   Z - +0 buckler
rNeg     . . .     Faith    .   c - +0 troll leather armour {Purgy}
rPois    +         Spirit   +   (helmet restricted)
rElec    .         Reflect  .   H - +1 cloak
rCorr    .         Harm     .   (gloves unavailable)
rMut     +                      q - +1 pair of boots
MR       ++...                  u - amulet of guardian spirit
Stlth    +++.......             C - +4 ring of slaying
HPRegen  0.69/turn              r - ring of protection from magic
MPRegen  0.18/turn

@: corroded, berserk cooldown, slowed, very slow
A: small, claws 3, hooves 1, horns 1, iridescent scales 1, thin skeletal
structure 1, mutation resistance 3, poison resistance, strong 2
a: Renounce Religion


You were on level 14 of the Dungeon.
You worshipped Xom.
You were a very special plaything of Xom.
You were not hungry.

You visited 3 branches of the dungeon, and saw 20 of its levels.
You also visited: Sewer.

You collected 1783 gold pieces.

Inventory:

Hand Weapons
 a - a +3 hunting sling (weapon)
 b - a +2 dagger of speed
 h - a +0 fustibalus of flaming
 n - a +1 vorpal hunting sling
Missiles
 d - 121 sling bullets (quivered)
 e - 4 silver boomerangs
 p - 210 stones
 t - a throwing net
 B - 45 poisoned darts
 I - 39 boomerangs
 S - 4 curare-tipped darts
Armour
 c - a +0 troll leather armour (worn) {Purgy}
 q - a +1 pair of boots (worn)
 v - a +2 pair of gloves
 E - a +4 plate armour of positive energy
 H - a +1 cloak (worn)
 Z - a +0 buckler (worn)
Jewellery
 j - an uncursed ring of fire
 r - a ring of protection from magic (right claw)
 u - an amulet of guardian spirit (around neck)
 C - a +4 ring of slaying (left claw)
Wands
 i - a wand of iceblast (19)
 y - a wand of flame (44)
 G - a wand of disintegration (9)
 L - a wand of paralysis (10)
 M - a wand of acid (1)
 O - a wand of enslavement (12)
 R - a wand of polymorph (15)
 V - a wand of clouds (3)
Scrolls
 s - 8 scrolls of amnesia
 z - 7 scrolls of identify
 D - 9 scrolls of remove curse
 N - 3 scrolls of magic mapping
 Q - 4 scrolls of enchant armour
 U - a scroll of torment
 W - 2 scrolls of teleportation
 X - 2 scrolls of immolation
Potions
 g - a potion of magic {unknown}
 k - a potion of cancellation
 l - 3 potions of curing
 m - 10 potions of flight
 o - 2 potions of berserk rage
 w - 3 potions of stabbing
 x - a potion of might
 F - 3 potions of mutation
 J - a potion of ambrosia {unknown}
 P - 3 potions of haste
Comestibles
 f - 38 rations
 A - 4 chunks of flesh


   Skills:
 + Level 13.5 Fighting
 + Level 19.5 Slings
 * Level 12.0 Armour
 * Level 13.0 Dodging
 - Level 2.2 Stealth
 * Level 3.7 Shields
 * Level 8.7 Evocations


You had 15 spell levels left.
You didn't know any spells.
Your spell library contained the following spells:

 Spells                   Type           Power        Failure   Level  Hunger
 Beastly Appendage        Tmut           #.....       50%         1    ##.....
 Infusion                 Chrm           #...         50%         1    ##.....
 Magic Dart               Conj           #...         50%         1    ##.....
 Shock                    Conj/Air       #...         50%         1    ##.....
 Blink                    Tloc           N/A          63%         2    ###....
 Call Imp                 Summ           #.......     63%         2    ###....
 Shroud of Golubria       Chrm/Tloc      #.....       63%         2    ###....
 Slow                     Hex            #.......     63%         2    ###....
 Sticks to Snakes         Tmut           #.......     63%         2    ###....
 Swiftness                Chrm/Air       #.......     63%         2    ###....
 Conjure Flame            Conj/Fire      #.......     86%         3    ####...
 Dazzling Flash           Conj/Hex       #.....       86%         3    ####...
 Mephitic Cloud           Conj/Pois/Air  #.......     86%         3    ####...
 Spider Form              Tmut/Pois      #.........   86%         3    ####...
 Static Discharge         Conj/Air       #.......     86%         3    ####...
 Airstrike                Air            #.........   99%         4    #####..
 Cause Fear               Hex            #.........   99%         4    #####..
 Ice Form                 Ice/Tmut       #.......     99%         4    #####..
 Blade Hands              Tmut           #.........   100%        5    ######.
 Irradiate                Conj/Tmut      #.........   100%        5    ######.
 Iskenderun's Battlesphe  Conj/Chrm      #.......     100%        5    ######.
 Lightning Bolt           Conj/Air       #.........   100%        5    ######.
 Silence                  Hex/Air        #.........   100%        5    ######.
 Yara's Violent Unravell  Hex/Tmut       #.........   100%        5    ######.
 Hydra Form               Tmut           #.........   100%        6    #######
 Statue Form              Tmut/Erth      #........    100%        6    #######
 Dragon Form              Tmut           #.........   100%        7    #######
 Discord                  Hex            #.........   100%        8    #######


Dungeon Overview and Level Annotations

Branches:
Dungeon (11/15)            Temple (0/1) D:7            Lair (6/6) D:10
 Shoals (2/4) Lair:3        Snake (0/4) Lair:4        Slime (0/5) Lair:5
  Sewer (visited)
    Orc: D:9-12

Altars:
Ashenzari
Cheibriados
Dithmenos
Nemelex Xobeh
Okawaru
Ru
Sif Muna
Wu Jian
Xom
Yredelemnul
The Shining One

Annotations:
Shoals:2 Ilsuiw


Innate Abilities, Weirdness & Mutations

You are small and have problems with some larger weapons.
You are almost entirely resistant to further mutation and mutation removal.
You have claws for hands.
You have large cloven feet.
You have a pair of small horns on your head.
You are partially covered in iridescent scales. (AC +2)
You have a somewhat thin skeletal structure. (Dex +2, Stealth)
Your system is resistant to poisons. (rPois)
Your muscles are very strong. (Str +4)


Message History

Evoke which item? (* to show all) (? for menu, Esc to quit)
Okay, then.
Evoke which item? (* to show all) (? for menu, Esc to quit)
Aiming: Throw Flame
Press: ? - help, Shift-Dir - straight line, f/p - brown ugly thing
Aim: a brown ugly thing (freezing vapour, heavily wounded, berserk)
The puff of flame hits the brown ugly thing!
The brown ugly thing is severely wounded.
You hear a sizzling sound!
The brown ugly thing punches you!!
* * * LOW HITPOINT WARNING * * *
The acid corrodes you!
You are splashed with acid!
* * * LOW HITPOINT WARNING * * *
The green ugly thing is engulfed in freezing vapours.
You kill the green ugly thing!
The red ugly thing is engulfed in freezing vapours.
You kill the red ugly thing!
The brown ugly thing punches you!!
You die...
Xom thinks this is hilarious!

#((......#
#(.......#
#(........
#§........
#§########
#§# #§#
#u# #@#
#........
#........
#........
#........
#.#####..
#.# . #..


You could see a brown ugly thing (berserk).

Vanquished Creatures
  Jorgrun (Shoals:1)
  Aizul (Shoals:1)
  Louise (Shoals:1)
  3 merfolk impalers
  An ice dragon (Lair:1)
  9 hydras
  A merfolk avatar (Shoals:2)
  2 catoblepae (Lair:6)
  A merfolk aquamancer (Shoals:1)
  A satyr (Shoals:2)
  9 death yaks
  A sea snake (Shoals:1)
  16 harpies
  9 wyverns
  5 ugly things (D:14)
  9 fauns
  9 merfolk sirens
  4 manticores
  7 elephants
  A centaur zombie (D:11)
  2 black mambas
  A torpor snail (Lair:3)
  A water nymph (Shoals:2)
  14 spiny frogs
  9 komodo dragons
  A yaktaur (shapeshifter) (Lair:3)
  5 rime drakes
  A queen bee (Lair:3)
  14 merfolk
  4 trolls
  2 polar bears
  5 blink frogs (Lair:4)
  5 snapping turtles
  3 slime creatures (Lair:5)
  4 wind drakes
  21 hippogriffs
  A spriggan (Lair:3)
  34 yaks
  2 water elementals (Shoals:1)
  A hungry ghost (D:7)
  7 basilisks
  2 nagas (Lair:4)
  12 water moccasins
  6 porcupines
  5 ice beasts
  3 orc warriors
  An eye of draining (D:10)
  2 sky beasts
  Purgy (Sewer)
  4 ogres
  A necrophage (D:9)
  2 phantoms
  5 wolves
  A centaur (D:6)
  16 crocodiles
  12 bullfrogs
  3 scorpions
  70 killer bees
  4 howler monkeys
  2 bullfrog zombies
  An orc priest (D:7)
  A centaur skeleton (D:4)
  3 jellies (Lair:5)
  3 crimson imps
  A quasit (Lair:6)
  3 hounds
  9 orc wizards
  A bullfrog skeleton (D:7)
  Jessica (D:2)
  3 iguanas
  Natasha (thrice) (D:2)
  5 hell rats
  3 worker ants
  2 hound skeletons (D:8)
  A hound zombie (D:10)
  2 howler monkey zombies (D:6)
  10 adders
  16 oozes
  2 adder skeletons
  An adder zombie (D:8)
  4 worms
  3 dart slugs
  4 leopard geckos
  24 orcs
  5 giant cockroaches
  9 goblins
  9 hobgoblins
  4 jackals (D:3)
  5 kobolds
  9 quokkas
  3 ball pythons
  11 bats
  2 frilled lizards (D:2)
  A quokka skeleton (D:5)
  7 rats
  A fungus (Lair:6)
  2 plants (Lair:6)
  A tentacle (Shoals:2)
555 creatures vanquished.

Vanquished Creatures (collateral kills)
  A death yak (Lair:5)
  2 harpies (Shoals:1)
  A rime drake (Lair:3)
  2 merfolk (Lair:3)
  A hippogriff (Lair:3)
  2 yaks (D:9)
  A basilisk (Lair:3)
  A water moccasin (Lair:6)
  A wolf (Lair:3)
  2 killer bees (Lair:3)
  An orc (D:9)
  A fungus (Lair:5)
16 creatures vanquished.

Vanquished Creatures (others)
  A catoblepas (Lair:6)
  A harpy (Shoals:1)
  A manticore (Lair:6)
  A blink frog (Lair:3)
  A wyvern (Lair:3)
  A killer bee (Lair:3)
  A bush (Lair:6)
  26 fungi
  24 plants
  19 tentacles (Shoals:2)
76 creatures vanquished.

Grand Total: 647 creatures vanquished

Notes
Turn   | Place    | Note
-------+----------+-------------------------------------------
     0 | D:1      | KleinerIrrer the Halfling Hunter began the quest for the
                  | Orb.
     0 | D:1      | Reached XP level 1. HP: 14/14 MP: 1/1
    42 | D:1      | Reached skill level 6 in Slings
    64 | D:1      | Reached XP level 2. HP: 19/19 MP: 2/2
   397 | D:1      | Reached XP level 3. HP: 24/24 MP: 3/3
  1166 | D:2      | Noticed Jessica
  1177 | D:2      | Killed Jessica
  1177 | D:2      | Reached skill level 7 in Slings
  1177 | D:2      | Reached skill level 1 in Armour
  1177 | D:2      | Reached XP level 4. HP: 4/29 MP: 4/4
  1594 | D:2      | Noticed Natasha
  1612 | D:2      | Killed Natasha
  1768 | D:2      | Noticed Natasha
  1773 | D:2      | Killed Natasha
  1773 | D:2      | Reached XP level 5. HP: 34/34 MP: 5/5
  2022 | D:2      | Noticed Natasha
  2048 | D:2      | Killed Natasha
  2579 | D:3      | Found a sparkling altar of Nemelex Xobeh.
  2624 | D:3      | Found a faded altar of an unknown god.
  2630 | D:3      | Became a worshipper of Xom of Chaos
  2660 | D:3      | XOM: divination: magic mapping
  2689 | D:3      | Found a glowing drain.
  2690 | D:3      | XOM: potion effect (brilliance)
  2695 | D:3      | Reached XP level 6. HP: 41/41 MP: 6/6
  2717 | Sewer    | Entered a sewer
  2722 | Sewer    | XOM: divination: detect creatures
  2756 | Sewer    | Noticed Purgy
  2758 | Sewer    | XOM: potion effect (haste)
  2759 | Sewer    | XOM: potion effect (haste)
  2778 | Sewer    | Killed Purgy
  2778 | Sewer    | Reached skill level 8 in Slings
  2809 | Sewer    | XOM: divination: detect items
  2907 | D:3      | Found a shadowy altar of Dithmenos.
  3012 | D:3      | Found a shattered altar of Ashenzari.
  3295 | D:4      | XOM: 2-stop teleportation journey
  3495 | D:4      | Noticed an ice beast
  3498 | D:4      | Reached XP level 7. HP: 46/46 MP: 7/7
  3500 | D:4      | XOM: cleaving
  3500 | D:4      | XOM: smoke on damage
  3564 | D:4      | XOM: give mutations
  3564 | D:4      | Gained mutation: You are surrounded by a mild repulsion
                  | field. (EV +2) [Xom's mischief]
  3564 | D:4      | Gained mutation: Your body sometimes deteriorates upon
                  | taking damage. [Xom's mischief]
  3655 | D:4      | XOM: divination: magic mapping
  3658 | D:4      | XOM: enchant monster (good)
  3674 | D:4      | Reached skill level 9 in Slings
  3818 | D:4      | Found a sacrificial altar of Ru.
  3847 | D:4      | XOM: give mutations
  3847 | D:4      | Gained mutation: You are agile. (Dex +2) [Xom's grace]
  3847 | D:4      | Gained mutation: You have a somewhat thin skeletal
                  | structure. (Dex +2, Stealth) [Xom's grace]
  3847 | D:4      | Gained mutation: You have large cloven feet. [Xom's grace]
  3847 | D:4      | Gained mutation: You are very agile. (Dex +4) [Xom's grace]
  3968 | D:4      | Found a snail-covered altar of Cheibriados.
  4206 | D:4      | XOM: cleaving
  4262 | D:4      | XOM: summons 1 hostile demon
  4380 | D:4      | Found an ornate altar of the Wu Jian Council.
  4454 | D:5      | Entered Level 5 of the Dungeon
  4472 | D:5      | Reached XP level 8. HP: 54/54 MP: 8/8
  4509 | D:5      | XOM: silly message
  4767 | D:5      | XOM: enchant monster (bad)
  4769 | D:5      | Reached skill level 10 in Slings
  4835 | D:5      | XOM: 5-stop teleportation journey
  5006 | D:5      | Identified Sif Muna's Compendium of Boosts and Attacks
  5128 | D:5      | XOM: give mutations
  5128 | D:5      | Gained mutation: Your flesh is cold resistant. (rC+) [Xom's
                  | grace]
  5128 | D:5      | Gained mutation: You can translocate small distances at
                  | will. [Xom's grace]
  5128 | D:5      | Gained mutation: You are covered in fur. (AC +1) [Xom's
                  | grace]
  5318 | D:6      | XOM: scenery: create altars
  5353 | D:6      | XOM: fog
  5358 | D:6      | Reached skill level 5 in Armour
  5578 | D:6      | XOM: draining
  5744 | D:6      | XOM: smoke on damage
  6063 | D:6      | XOM: potion effect (invisibility)
  6178 | D:7      | XOM: potion effect (brilliance)
  6185 | D:7      | XOM: potion effect (brilliance)
  6195 | D:7      | XOM: potion effect (invisibility)
  6196 | D:7      | XOM: silly message
  6200 | D:7      | Reached XP level 9. HP: 60/60 MP: 6/9
  6208 | D:7      | Reached skill level 5 in Fighting
  6321 | D:7      | XOM: silly message
  6342 | D:7      | Reached skill level 11 in Slings
  6447 | D:7      | XOM: divination: detect creatures
  6622 | D:7      | Found a staircase to the Ecumenical Temple.
  6650 | D:7      | XOM: divination: magic mapping
  6876 | D:7      | XOM: enchant monster (bad)
  6908 | D:7      | XOM: enchant monster (bad)
  7046 | D:8      | XOM: noise
  7066 | D:8      | XOM: divination: detect creatures
  7075 | D:8      | Lost mutation: You are very agile. (Dex +4) [potion of
                  | mutation]
  7075 | D:8      | Lost mutation: You are covered in fur. (AC +1) [potion of
                  | mutation]
  7075 | D:8      | Lost mutation: Your body sometimes deteriorates upon taking
                  | damage. [potion of mutation]
  7075 | D:8      | Gained mutation: You are partially covered in iridescent
                  | scales. (AC +2) [potion of mutation]
  7077 | D:8      | Reached skill level 13 in Slings
  7077 | D:8      | Reached XP level 10. HP: 53/71 MP: 7/13
  7089 | D:8      | XOM: 2-stop teleportation journey
  7112 | D:7      | XOM: potion effect (brilliance)
  7498 | D:8      | XOM: silly message
  7613 | D:8      | XOM: silly message
  7633 | D:8      | XOM: noise
  7836 | D:7      | XOM: summons 3 hostile demons
  7922 | D:8      | XOM: silly message
  7973 | D:8      | Reached XP level 11. HP: 58/76 MP: 14/14
  8110 | D:8      | XOM: fog
  8177 | D:8      | Reached skill level 14 in Slings
  8246 | D:8      | XOM: god gift: 26 gold pieces
  8266 | D:8      | XOM: smoke on damage
  8451 | D:8      | XOM: god gift: wand of iceblast (13)
  8457 | D:8      | XOM: 2-stop teleportation journey
  8637 | D:8      | XOM: enchant monster (good)
  8699 | D:8      | XOM: give mutations
  8699 | D:8      | Gained mutation: You possess an exceptional clarity of
                  | mind. [Xom's grace]
  8699 | D:8      | Gained mutation: You are robust. (+10% HP) [Xom's grace]
  8920 | D:9      | Found a shimmering blue altar of Sif Muna.
  9055 | D:9      | XOM: summons 9 friendly demons
  9167 | D:9      | XOM: summons friendly quasit
  9174 | D:9      | XOM: summons 2 friendly demons
  9175 | D:9      | XOM: blink monster(s)
  9178 | D:9      | XOM: summons 2 friendly demons
  9180 | D:9      | XOM: summons 3 friendly demons
  9414 | D:9      | XOM: silly message
  9449 | D:9      | XOM: silly message
  9537 | D:9      | Found an iron altar of Okawaru.
  9540 | D:9      | Found a glowing golden altar of the Shining One.
  9663 | D:10     | Entered Level 10 of the Dungeon
  9779 | D:10     | Reached skill level 5 in Evocations
  9798 | D:10     | XOM: noise
  9801 | D:10     | XOM: summons friendly crimson imp
  9889 | D:9      | XOM: potion effect (haste)
 10105 | D:10     | XOM: noise
 10118 | D:9      | XOM: cast spell 'Metabolic Englaciation'
 10223 | D:10     | XOM: enchant monster (good)
 10276 | D:10     | XOM: god gift: book of Minor Magic
 10519 | D:10     | XOM: give mutations
 10519 | D:10     | Gained mutation: You expend magic power (3 MP) to
                  | strengthen your wands. [Xom's grace]
 10519 | D:10     | Gained mutation: You have a pair of small horns on your
                  | head. [Xom's grace]
 10519 | D:10     | Gained mutation: You are very agile. (Dex +4) [Xom's grace]
 10519 | D:10     | Gained mutation: Your system is resistant to poisons.
                  | (rPois) [Xom's grace]
 10567 | D:10     | Found a staircase to the Lair.
 10576 | Lair:1   | Entered Level 1 of the Lair of Beasts
 10632 | Lair:1   | XOM: 1-stop teleportation journey
 10767 | Lair:1   | XOM: god gift: 18 gold pieces
 10823 | Lair:1   | XOM: 6-stop teleportation journey
 10861 | Lair:1   | Noticed an ice dragon
 10874 | Lair:1   | XOM: cleaving
 10878 | Lair:1   | XOM: summons friendly crimson imp
 10899 | Lair:1   | Killed an ice dragon
 10899 | Lair:1   | Reached skill level 15 in Slings
 11005 | Lair:1   | XOM: 7-stop teleportation journey
 11104 | Lair:1   | XOM: scenery: create altars
 11109 | Lair:1   | XOM: enchant monster (good)
 11125 | Lair:1   | Reached XP level 12. HP: 64/93 MP: 11/16
 11204 | Lair:1   | XOM: scenery: create altars
 11323 | Lair:1   | XOM: scenery: create altars
 11373 | Lair:1   | XOM: noise
 11380 | Lair:1   | XOM: 1-stop teleportation journey
 11498 | Lair:1   | You fall into a shaft and drop 1 floor!
 11518 | Lair:1   | XOM: enchant monster (bad)
 11570 | Lair:2   | Noticed an eight-headed hydra
 11573 | Lair:2   | Noticed a death yak
 11573 | Lair:2   | an eight-headed hydra changed into a death yak
 11573 | Lair:2   | XOM: polymorph eight-headed hydra -> death yak
 11581 | Lair:2   | XOM: fog
 11606 | Lair:2   | Killed a death yak
 11639 | Lair:2   | XOM: give mutations
 11639 | Lair:2   | Lost mutation: You expend magic power (3 MP) to strengthen
                  | your wands. [Xom's mischief]
 11639 | Lair:2   | Lost mutation: Your flesh is cold resistant. (rC+) [Xom's
                  | mischief]
 11639 | Lair:2   | Lost mutation: You are very agile. (Dex +4) [Xom's
                  | mischief]
 11639 | Lair:2   | Lost mutation: You can translocate small distances at will.
                  | [Xom's mischief]
 11683 | Lair:2   | XOM: stat loss: -1 Int (14/15)
 11742 | Lair:2   | XOM: give mutations
 11742 | Lair:2   | Lost mutation: You are agile. (Dex +2) [Xom's mischief]
 11742 | Lair:2   | Gained mutation: Your body sometimes deteriorates upon
                  | taking damage. [Xom's mischief]
 11742 | Lair:2   | Gained mutation: Your spells are a little harder to cast,
                  | but a little more powerful. [Xom's mischief]
 11823 | Lair:2   | XOM: confuse monster(s)
 11966 | Lair:2   | XOM: potion effect (curing)
 11967 | Lair:2   | XOM: summons friendly shadow imp
 11970 | Lair:2   | XOM: summons 2 friendly demons
 11982 | Lair:2   | XOM: draining
 12371 | Lair:2   | XOM: scenery: create altars
 12616 | Lair:3   | Reached skill level 16 in Slings
 12690 | Lair:3   | You fall into a shaft and drop 2 floors!
 12732 | Lair:5   | XOM: give mutations
 12732 | Lair:5   | Gained mutation: You are somewhat resistant to both further
                  | mutation and mutation removal. [Xom's grace]
 12732 | Lair:5   | Gained mutation: Your muscles are strong. (Str +2) [Xom's
                  | grace]
 12732 | Lair:5   | Gained mutation: You have sharp fingernails. [Xom's grace]
 12732 | Lair:5   | Gained mutation: Your muscles are very strong. (Str +4)
                  | [Xom's grace]
 12757 | Lair:5   | XOM: polymorph yak -> polar bear
 12833 | Lair:5   | Reached skill level 10 in Fighting
 12862 | Lair:5   | XOM: give mutations
 12862 | Lair:5   | Gained mutation: You are almost entirely resistant to
                  | further mutation and mutation removal. [Xom's grace]
 12862 | Lair:5   | Gained mutation: Your mind is acute. (Int +2) [Xom's grace]
 12862 | Lair:5   | Gained mutation: You have hoof-like feet. [Xom's grace]
 12874 | Lair:5   | Noticed a six-headed hydra
 12887 | Lair:5   | XOM: scenery: create altars
 12892 | Lair:5   | Killed a six-headed hydra
 13029 | Lair:5   | Found a staircase to the Slime Pits.
 13059 | Lair:5   | XOM: noise
 13078 | Lair:5   | XOM: divination: detect creatures
 13085 | Lair:5   | XOM: silly message
 13091 | Lair:5   | XOM: silly message
 13111 | Lair:5   | XOM: smoke on damage
 13162 | Lair:5   | Reached XP level 13. HP: 101/101 MP: 18/18
 13206 | Lair:5   | XOM: confuse monster(s)
 13237 | Lair:5   | XOM: cloud trail
 14044 | Lair:4   | XOM: summons friendly ufetubus
 14096 | Lair:4   | Noticed a four-headed hydra
 14097 | Lair:4   | XOM: divination: detect creatures
 14115 | Lair:4   | Killed a four-headed hydra
 14268 | Lair:4   | XOM: 2-stop teleportation journey
 14501 | Lair:4   | XOM: noise
 14503 | Lair:4   | Reached skill level 17 in Slings
 14505 | Lair:4   | XOM: noise
 14582 | Lair:4   | XOM: enchant monster (good)
 14585 | Lair:4   | Reached skill level 10 in Armour
 14709 | Lair:4   | Found a staircase to the Snake Pit.
 14949 | Lair:4   | XOM: silly message
 15188 | Lair:3   | Found a basalt altar of Yredelemnul.
 15206 | Lair:3   | XOM: 5-stop teleportation journey
 15337 | Lair:3   | XOM: summons 10 friendly demons
 15464 | Lair:3   | XOM: give mutation
 15464 | Lair:3   | Gained mutation: You are resistant to hostile enchantments.
                  | (MR+) [Xom's grace]
 15469 | Lair:3   | XOM: cast spell 'Shadow Creatures'
 15631 | Lair:3   | Found a staircase to the Shoals.
 15792 | Lair:3   | XOM: cloud trail
 15830 | Lair:3   | XOM: enchant monster (good)
 15854 | Lair:3   | XOM: fake destruction
 15911 | Lair:3   | XOM: god gift: 23 gold pieces
 16087 | Lair:3   | XOM: confuse monster(s)
 16235 | Lair:3   | XOM: polymorph killer bee -> shapeshifter
 16285 | Lair:3   | XOM: fog
 16295 | Lair:3   | XOM: cast spell 'Chain of Chaos'
 16366 | Lair:3   | Noticed a five-headed hydra
 16368 | Lair:3   | XOM: cleaving
 16372 | Lair:3   | Killed a five-headed hydra
 16540 | Lair:3   | XOM: summons friendly ufetubus
 16557 | Lair:3   | XOM: divine lightning
 16754 | Lair:6   | Entered Level 6 of the Lair of Beasts
 16763 | Lair:6   | XOM: fake destruction
 16766 | Lair:6   | XOM: scenery: create altars
 16773 | Lair:6   | Reached XP level 14. HP: 108/112 MP: 20/20
 16783 | Lair:5   | XOM: summons 14 friendly demons
 16787 | Lair:5   | Upgraded the game from 0.25.0-41-g26779e291d to
                  | 0.25.0-45-g978344163c
 16826 | Lair:5   | XOM: summons friendly quasit
 16830 | Lair:5   | XOM: summons friendly iron imp
 16934 | Lair:5   | XOM: polymorph iron imp -> white imp
 16962 | Lair:6   | XOM: fog
 17052 | Lair:6   | XOM: enchant monster (bad)
 17055 | Lair:6   | XOM: enchant monster (bad)
 17070 | Lair:6   | XOM: noise
 17086 | Lair:5   | XOM: enchant monster (good)
 17243 | Lair:5   | XOM: noise
 17370 | Lair:6   | XOM: confuse monster(s)
 17379 | Lair:5   | XOM: enchant monster (bad)
 17385 | Lair:5   | Reached skill level 18 in Slings
 17416 | Lair:5   | Reached skill level 10 in Dodging
 17674 | Lair:6   | XOM: confuse monster(s)
 17815 | Lair:6   | XOM: 1-stop teleportation journey
 17844 | Lair:6   | XOM: enchant monster (good)
 17870 | Lair:6   | XOM: noise
 17981 | Lair:6   | XOM: noise
 17990 | Lair:6   | XOM: cast spell 'Call Canine Familiar'
 18016 | Lair:6   | XOM: confuse monster(s)
 18041 | Lair:6   | XOM: fog
 18072 | Lair:6   | XOM: stat loss: -1 Dex (19/20)
 18170 | Lair:6   | XOM: give mutation
 18170 | Lair:6   | Gained mutation: You have very sharp fingernails. [Xom's
                  | grace]
 18264 | Lair:6   | XOM: divine lightning
 18268 | Lair:6   | XOM: potion effect (berserk rage)
 18353 | Lair:6   | XOM: summons friendly ufetubus
 18361 | Lair:6   | XOM: scenery: create altars
 18370 | Lair:6   | XOM: destruction
 18376 | Lair:6   | XOM: divine lightning
 18404 | Lair:6   | XOM: 1-stop teleportation journey
 18415 | Lair:6   | XOM: polymorph hell rat -> quasit
 18440 | Lair:6   | XOM: summons 3 friendly demons
 18531 | Lair:6   | XOM: 7-stop teleportation journey
 18684 | Lair:6   | XOM: 2-stop teleportation journey
 18784 | Lair:6   | XOM: cleaving
 18886 | Lair:6   | XOM: god gift: runed dagger {god gift}
 18895 | Lair:6   | XOM: potion effect (brilliance)
 18909 | Lair:6   | XOM: noise
 18923 | Lair:6   | XOM: cast spell 'Call Canine Familiar'
 18935 | Lair:6   | XOM: silly message
 18936 | Lair:6   | XOM: noise
 19098 | Lair:6   | XOM: divine lightning
 19106 | Lair:6   | XOM: fog
 19122 | Lair:6   | XOM: cast spell 'Leda's Liquefaction'
 19141 | Lair:6   | Reached XP level 15. HP: 56/119 MP: 11/21
 19172 | Lair:6   | XOM: confuse monster(s)
 19307 | Lair:6   | XOM: divination: detect creatures
 19502 | Shoals:1 | Entered Level 1 of the Shoals
 19559 | Shoals:1 | XOM: divination: magic mapping
 19660 | Shoals:1 | Noticed Jorgrun
 19664 | Shoals:1 | XOM: silly message
 19666 | Shoals:1 | XOM: noise
 19668 | Shoals:1 | XOM: destruction
 19671 | Shoals:1 | XOM: enchant monster (good)
 19695 | Shoals:1 | Killed Jorgrun
 19695 | Shoals:1 | Reached skill level 19 in Slings
 19701 | Shoals:1 | Noticed Louise
 19704 | Shoals:1 | XOM: cast spell 'Shadow Creatures'
 19772 | Lair:3   | XOM: give mutations
 19772 | Lair:3   | Lost mutation: You are robust. (+10% HP) [Xom's mischief]
 19772 | Lair:3   | Lost mutation: You are surrounded by a mild repulsion
                  | field. (EV +2) [Xom's mischief]
 19772 | Lair:3   | Lost mutation: You have hoof-like feet. [Xom's mischief]
 19772 | Lair:3   | Lost mutation: Your body sometimes deteriorates upon taking
                  | damage. [Xom's mischief]
 19781 | Shoals:1 | XOM: summons 14 friendly demons
 19810 | Shoals:1 | Killed Louise
 19837 | Shoals:1 | XOM: swap monsters
 19839 | Shoals:1 | XOM: enchant monster (bad)
 20029 | Shoals:1 | XOM: swap monsters
 20042 | Shoals:1 | XOM: summons 7 friendly demons
 20044 | Shoals:1 | XOM: cast spell 'Summon Butterflies'
 20218 | Shoals:1 | XOM: give mutations
 20218 | Shoals:1 | Lost mutation: Your mind is acute. (Int +2) [Xom's
                  | mischief]
 20218 | Shoals:1 | Lost mutation: You are resistant to hostile enchantments.
                  | (MR+) [Xom's mischief]
 20218 | Shoals:1 | Gained mutation: You are clumsy. (Dex -2) [Xom's mischief]
 20332 | Shoals:1 | XOM: cast spell 'Metabolic Englaciation'
 20386 | Shoals:1 | XOM: stat loss: -1 Dex (19/20)
 20455 | Shoals:1 | XOM: swap monsters
 20567 | Shoals:1 | XOM: cast spell 'Summon Hydra'
 20590 | Shoals:1 | Reached skill level 1 in Shields
 20673 | Shoals:2 | Noticed a kraken
 20676 | Shoals:2 | XOM: cast spell 'Summon Butterflies'
 20718 | Shoals:2 | Noticed Aizul
 20722 | Shoals:2 | XOM: enchant monster (bad)
 20756 | Shoals:1 | Killed Aizul
 20938 | Shoals:2 | XOM: confuse monster(s)
 20958 | Shoals:2 | XOM: cleaving
 20976 | Shoals:2 | XOM: potion effect (haste)
 21195 | Shoals:2 | XOM: confuse monster(s)
 21317 | Shoals:2 | XOM: summons friendly shadow imp
 21404 | Shoals:2 | XOM: summons 2 friendly demons
 21410 | Shoals:2 | XOM: summons 15 friendly demons
 21413 | Shoals:2 | XOM: destruction
 21593 | Shoals:2 | XOM: confuse monster(s)
 21596 | Shoals:2 | XOM: noise
 21742 | Shoals:2 | Noticed Ilsuiw
 21905 | Shoals:1 | XOM: give mutations
 21905 | Shoals:1 | Lost mutation: You possess an exceptional clarity of mind.
                  | [Xom's mischief]
 21905 | Shoals:1 | Lost mutation: Your spells are a little harder to cast, but
                  | a little more powerful. [Xom's mischief]
 21905 | Shoals:1 | Lost mutation: You are clumsy. (Dex -2) [Xom's mischief]
 21905 | Shoals:1 | Gained mutation: You have claws for hands. [Xom's mischief]
 21914 | Shoals:1 | Reached XP level 16. HP: 117/117 MP: 22/22
 21943 | Shoals:2 | XOM: 2-stop teleportation journey
 21971 | Shoals:2 | XOM: blink monster(s)
 21979 | Shoals:2 | XOM: 6-stop teleportation journey
 22012 | Shoals:2 | XOM: draining
 22156 | Shoals:2 | XOM: enchant monster (bad)
 22423 | Shoals:2 | XOM: 1-stop teleportation journey
 22433 | Shoals:2 | XOM: divination: detect creatures
 22438 | Shoals:2 | XOM: cast spell 'Call Canine Familiar'
 22444 | Shoals:2 | XOM: swap monsters
 22473 | Shoals:2 | XOM: enchant monster (bad)
 22840 | D:11     | XOM: silly message
 22860 | D:11     | XOM: enchant monster (bad)
 22968 | D:11     | You fall into a shaft and drop 3 floors!
 22991 | D:14     | XOM: chaos cloud
 22993 | D:14     | Paralysed by you for 4 turns
 23020 | D:14     | Mangled by a brown ugly thing

Illustrated notes

Levels and vault maps discovered:
D:1:      ncdulo_lavacross, layout_basic, skrybe_limestone_x,
          hangedman_decor_growths
D:2:      layout_loops_cross, first_ration, serial_park_tiny_1, uniq_jessica,
          uniq_natasha
D:3:      layout_rooms, nemelex_xobeh_ov_fountains_minmay,
          grunt_dithmenos_smoke_and_mirrors, cheibrodos_ashenzari_chains,
          chequers_ecumenical_altar_grove, portal_sewer_entry_b
D:4:      minmay_diamond_boxcup, layout_basic, nicolae_overflow_crystal_walls,
          kennysheep_slug_shrine, nicolae_overflow_hidden_temple
D:5:      layout_cave_pods
D:6:      minmay_chambers_of_sixes, layout_cave_pools
D:7:      layout_rooms, minmay_temple_entry_hall, chequers_hall_statues_corner_a
D:8:      wad_woods_minihive, layout_loops_cross
D:9:      layout_small_grid, tgw_sif, minitemple
D:10:     layout_cave_pools, lair_entry_dummy
D:11:     layout_rooms, grunt_livestock
D:14:     layout_small_grid, chequers_mini_garden,
          ebering_ghost_reflecting_pool, serial_shops, shop, basic_altar,
          lemuel_altar_in_water, uniq_agnes
Lair:1:   dragon1_lemuel, layout_layer_cave, lemuel_fruit_tree
Lair:2:   layout_regular_city
Lair:3:   regret_index_wax_grids, layout_hall_layers, elwin_shoals_entry_stream,
          basic_altar, grunt_forest_large_clearing_hut
Lair:4:   layout_cave_pods, guppyfry_snake_entry_garden, grunt_megastairs_2
Lair:5:   lemuel_slime, layout_concentric_octagons, minmay_slime_entry_pillars,
          serial_bayou_shore_a
Lair:6:   evilmike_catoblepas_cave, layout_cave_pods, special_room
          [special_room_mythical_zoo]
Shoals:1: layout_shoals, uniq_jorgrun, uniq_louise
Shoals:2: layout_shoals, serial_shops, nicolae_shop_window_shopping, uniq_aizul,
          uniq_ilsuiw

Skill      XL: |  1  2  3  4  5  6  7  8  9 10 11 12 13 14 15 16 |
---------------+-------------------------------------------------+-----
Slings         | 6 7 8 9 10 13 15 16 17 18 19 | 19.5
Fighting       | 2 3 4 7 9 10 11 12 13 | 13.5
Armour         | 1 2 3 4 5 9 10 11 12 | 12.0
Stealth        | 2 |  2.2
Dodging        | 3 7 8 9 11 12 13 | 13.0
Evocations     | 4 5 7 8 |  8.7
Shields        | 2 3 |  3.7

Action                   |  1- 3 |  4- 6 |  7- 9 | 10-12 | 13-15 | 16-18 || total
-------------------------+-------+-------+-------+-------+-------+-------++-------
Melee: Short sword       |    34 |       |       |       |       |       ||    34
       Dagger            |    72 |   229 |   562 |    91 |   488 |    66 ||  1508
       Hunting sling     |       |       |       |     4 |       |       ||     4
       Headbutt          |       |       |       |       |   179 |    19 ||   198
 Fire: Hunting sling     |     6 |    68 |   144 |  1285 |  1568 |   187 ||  3258
       Fustibalus        |       |       |       |       |    68 |       ||    68
Throw: Stone             |       |       |       |       |     1 |       ||     1
       Dart              |       |       |       |       |    34 |       ||    34
Evoke: Wand              |       |       |       |     4 |       |     8 ||    12
  Use: Scroll            |       |     6 |     3 |     6 |    10 |     2 ||    27
       Potion            |       |     4 |     4 |     6 |     5 |     3 ||    22
 Stab: Sleeping          |     1 |       |       |       |       |       ||     1
       Invisible         |       |       |     7 |       |       |       ||     7
       Distracted        |       |       |       |     2 |     5 |     1 ||     8
       Confused          |       |       |       |       |     5 |       ||     5
  Eat: Chunk             |     1 |     7 |     7 |    16 |    26 |     3 ||    60
       Ration            |       |       |     3 |       |       |       ||     3
Armor: Leather armour    |    13 |     2 |       |       |       |       ||    15
       Chain mail        |       |   126 |   288 |   302 |       |       ||   716
       Troll leather arm |       |       |       |    46 |   205 |    18 ||   269
Dodge: Dodged            |    64 |   121 |   357 |   714 |  1236 |   128 ||  2620
Block: Buckler           |       |       |       |       |    81 |    32 ||   113
